 Dungeon Crawl Stone Soup version 0.28.0 (webtiles) character file.

Game seed: 9249341879616336186

74 pkoi the Chopper (level 4, 0/38 HPs)
             Began as a Minotaur Gladiator on Feb 4, 2022.
             Slain by a gnoll (7 damage)
             ... on level 1 of the Dungeon.
             The game lasted 00:01:06 (1797 turns).

pkoi the Chopper (Minotaur Gladiator)               Turns: 1797, Time: 00:01:06

Health: 0/38       AC:  3    Str: 20    XL:     4   Next: 10%
Magic:  3/3        EV: 12    Int:  5    God:
Gold:   17         SH:  0    Dex: 12    Spells: 3/3 levels left

rFire   . . .      SeeInvis .   a - +0 war axe
rCold   . . .      Faith    .   (no shield)
rNeg    + . .      Spirit   .   b - +0 leather armour
rPois   .          Reflect  .   c - +0 hat
rElec   .          Harm     .   (no cloak)
rCorr   .          Rampage  .   (no gloves)
Will    .....                   (no boots)
Stlth   +.........              (no amulet)
HPRegen 0.12/turn               h - ring of positive energy
MPRegen 0.08/turn               (no ring)

@: no status effects
A: horns 2, retaliatory headbutt
a: no special abilities


You were on level 1 of the Dungeon.
You visited 1 branch of the dungeon, and saw 2 of its levels.

You collected 17 gold pieces.

Inventory:

Hand Weapons
 a - a +0 war axe (weapon)
Missiles
 d - 4 throwing nets (quivered)
 g - 4 poisoned darts
Armour
 b - a +0 leather armour (worn)
 c - a +0 hat (worn)
Jewellery
 h - a ring of positive energy (left hand)
Scrolls
 e - a scroll of immolation {unknown}
 j - a scroll of fog {unknown}
Potions
 f - 2 potions of haste {unknown}
 i - a potion of ambrosia {unknown}


   Skills:
 + Level 3.3 Fighting
 * Level 5.0 Axes
 - Level 2.0 Throwing
 + Level 2.1 Armour
 - Level 3.2 Dodging


You had 3 spell levels left.
You didn't know any spells.
Your spell library was empty.

Dungeon Overview and Level Annotations

Branches:
Dungeon (2/15)

Altars:


Innate Abilities, Weirdness & Mutations

You have a pair of horns on your head.
You reflexively headbutt those who attack you in melee.


Message History

You are too injured to fight recklessly!
You are too injured to fight recklessly!
You are too injured to fight recklessly!
You are too injured to fight recklessly!
You are too injured to fight recklessly!
You are too injured to fight recklessly!
You are too injured to fight recklessly!
You are too injured to fight recklessly!
You are too injured to fight recklessly!
You are too injured to fight recklessly!
You are too injured to fight recklessly!
Unknown command.
You closely miss the gnoll.
The gnoll is almost dead.
You closely miss the gnoll. The gnoll misses you. The gnoll closely misses you.
You furiously retaliate!
You headbutt the gnoll.
Unknown command.
You slash the gnoll!
You kill the gnoll!
You barely miss the gnoll. The gnoll hits you with a +0 flail!
* * * LOW HITPOINT WARNING * * *
Your Axes skill increases to level 5!
You have reached level 4!
You feel agile.
Unknown command.
There is an open door here.
The gnoll closely misses you. You furiously retaliate!
You headbutt the gnoll.
The gnoll hits you from afar with a +0 spear.
* * * LOW HITPOINT WARNING * * *
A gnoll comes into view. It is wielding a +0 flail.
There is a stone staircase leading up here.
The gnoll hits you from afar with a +0 spear.
* * * LOW HITPOINT WARNING * * *
You climb upwards.
There is a stone staircase leading down here.
Unknown command.
You closely miss the gnoll. You headbutt the gnoll!
The gnoll is severely wounded.
The gnoll hits you with a +0 flail!
You die...

....#......####.#.#...##.#
...##...##......#.#...##.#
..##....#########.#......#
###....## #.#.....##
#.....###########.#.....#
.....##.............#############
..#####.........................#
#######.........g...###########.#
................@...# #.#
.######.####....###.# #.#
.######.####....###.# #.#
....................# #.#
.###########...>###.###########.#
.##.#..>..##....# #.#.......†....
.##.............# #.#.###########
.##.#.###.##....# #.#.#
.##.#...#.##.#### #.#.#


You could see a gnoll.

Vanquished Creatures
  4 gnolls (D:2)
  An adder (D:2)
  3 dart slugs (D:1)
  A ball python (D:1)
  2 endoplasms (D:1)
  A giant cockroach (D:1)
  3 goblins (D:1)
  2 hobgoblins (D:1)
  2 kobolds
  3 bats
  A frilled lizard (D:1)
23 creatures vanquished.

Notes
Turn   | Place    | Note
-------+----------+-------------------------------------------
     0 | D:1      | pkoi the Minotaur Gladiator began the quest for the Orb.
     0 | D:1      | Reached XP level 1. HP: 18/18 MP: 0/0
   390 | D:1      | Reached skill level 4 in Axes
   425 | D:1      | Reached XP level 2. HP: 23/25 MP: 1/1
   575 | D:1      | Reached skill level 1 in Armour
  1428 | D:2      | Reached XP level 3. HP: 31/31 MP: 2/2
  1751 | D:2      | Reached skill level 5 in Axes
  1751 | D:2      | Reached XP level 4. HP: 13/38 MP: 3/3
  1797 | D:1      | Slain by a gnoll

Illustrated notes

Levels and vault maps discovered:
D:1:      dpeg_arrival_circle_labyrinth_b, layout_basic, nrook_campfire
D:2:      layout_basic, basic_altar, uniq_sigmund, uniq_robin, uniq_terence

Skill      XL: |  1  2  3 |
---------------+----------+-----
Axes           | 4 5 |  5.0
Armour         | 1 2 |  2.1
Fighting       | 3 |  3.3
Throwing       | |  2.0
Dodging        | |  3.2

Action                   |  1- 3 |  4- 6 || total
-------------------------+-------+-------++-------
Melee: War axe           |    51 |     1 ||    52
       Headbutt          |     9 |     1 ||    10
       Punch             |     1 |       ||     1
Armor: Leather armour    |    10 |       ||    10
Dodge: Dodged            |    35 |     1 ||    36
